 Dungeon Crawl Stone Soup version 0.20-a0-1043-gbd57889 (webtiles) character file.

447911 Duffy the Severer (level 24, -4/189 HPs)
             Began as a Gnoll Chaos Knight on Apr 25, 2017.
             Slain by a deep troll earth mage (6 damage)
             ... summoned by a boggart
             ... on level 3 of the Depths.
             The game lasted 01:51:52 (64327 turns).

Duffy the Severer (Gnoll Chaos Knight)             Turns: 64327, Time: 01:51:52

Health: -4/189     AC: 30    Str: 20    XL:     24   Next: 23%
Magic:  38/38      EV: 10    Int: 10    God:    Xom [......]
Gold:   3833       SH: 28    Dex: 15    Spells: 23/23 levels left

rFire    + . .     SeeInvis .   X - +3 war axe (elec)
rCold    + + +     Gourm    .   w - +8 large shield
rNeg     + + +     Faith    .   c - +2 plate armour {rC+}
rPois    +         Spirit   .   J - +1 hat {MR+}
rElec    +         Reflect  .   P - +0 cloak {rPois}
rCorr    .         Harm     .   O - +3 pair of gloves "Ynoh" {rN+++ MP+9 Int-3 Dex+3}
MR       +++..                  m - +0 pair of boots
Stlth    ..........             r - amulet of regeneration
Regen    0.9/turn               u - +5 ring of slaying
MPRegen  0.3/turn               U - ring "Lierenwul" {rElec rPois rC+ Dex-3 Slay+4}

@: lethally poisoned (-4 -> -27)
A: short attention span, antennae 1, fangs 3, icy blue scales 1, rugged brown
scales 1, blurry vision 1, cold resistance 1, fire resistance 1, magic
resistance 1, mutation resistance 1, poison resistance, strong nose
}: 2/15 runes: decaying, gossamer
a: Renounce Religion


You were on level 3 of the Depths.
You worshipped Xom.
You were a very special plaything of Xom.
You were not hungry.

You visited 8 branches of the dungeon, and saw 41 of its levels.
You visited the Abyss 1 time.
You also visited: Labyrinth, Ossuary and Bailey.

You collected 7473 gold pieces.
You spent 3640 gold pieces at shops.

Inventory:

Hand Weapons
 a - a +2 broad axe of flaming
 x - a +0 blowgun
 X - a +3 war axe of electrocution (weapon)
Missiles
 y - 9 throwing nets (quivered)
 G - 10 curare-tipped needles
Armour
 c - a +2 plate armour of cold resistance (worn)
 m - a +0 pair of boots (worn)
 w - a +8 large shield (worn)
 J - a +1 hat of magic resistance (worn)
 O - the +3 pair of gloves "Ynoh" (worn) {rN+++ MP+9 Int-3 Dex+3}
   (You bought it in a shop on level 8 of the Dungeon)

   It affects your intelligence (-3).
   It affects your dexterity (+3).
   It renders you almost immune to negative energy.
   It affects your magic capacity (+9).
 P - a +0 cloak of poison resistance (worn)
 S - the +0 pair of boots "Uwegol" {-Tele rCorr Str+6}
   (You found it on level 1 of the Spider Nest)

   It affects your strength (+6).
   It prevents most forms of teleportation.
   It protects you from acid and corrosion.
Jewellery
 b - an uncursed ring of see invisible
 d - an uncursed ring of resist corrosion
 r - an amulet of regeneration (around neck)
 u - a +5 ring of slaying (left hand)
 F - the ring of Dishonesty {rF+ Dex+4}
   (You took it off a deep elf death mage on level 3 of the Elven Halls)

   [ring of protection from fire]

   It affects your dexterity (+4).
   It protects you from fire.
 Q - an uncursed ring of protection from magic
 U - the ring "Lierenwul" (right hand) {rElec rPois rC+ Dex-3 Slay+4}
   (You took it off a deep elf knight on level 3 of the Elven Halls)

   [ring of slaying]

   It affects your dexterity (-3).
   It affects your accuracy and damage with ranged weapons and melee attacks
   (+4).
   It protects you from cold.
   It insulates you from electricity.
   It protects you from poison.
Wands
 i - a wand of lightning (8/15)
 j - a wand of iceblast (9/15)
 q - a wand of paralysis (11/24)
 W - a wand of acid (6/15)
 Y - a wand of clouds (3/9)
Scrolls
 e - 9 scrolls of teleportation
 h - 7 scrolls of recharging
 o - 20 scrolls of remove curse
 t - 9 scrolls of enchant weapon
 v - 5 scrolls of fear
 z - a scroll of vulnerability
 A - 4 scrolls of blinking
 C - 4 scrolls of immolation
 H - 3 scrolls of identify
 K - 2 scrolls of fog
 R - a scroll of magic mapping
 Z - 2 scrolls of silence
Potions
 f - 5 potions of heal wounds
 g - 9 potions of flight
 k - 2 potions of cancellation
 l - 7 potions of haste
 n - 7 potions of curing
 s - 4 potions of agility
 D - 3 potions of resistance
 E - 7 potions of mutation
 I - 4 potions of might
 M - a potion of invisibility
 N - 3 potions of ambrosia
 T - 2 potions of berserk rage
Comestibles
 p - 18 royal jellies
 B - 22 meat rations
 L - 33 fruits


   Skills:
 + Level 13.7 Fighting
 + Level 15.8 Axes
 + Level 15.0 Armour
 - Level 10.0 Dodging
 + Level 15.3 Shields
 - Level 9.0 Evocations


You had 23 spell levels left.
You didn't know any spells.

Dungeon Overview and Level Annotations

Branches:
Dungeon (15/15)            Temple (0/1) D:4            Lair (6/6) D:11
  Swamp (4/4) Lair:3       Spider (4/4) Lair:2        Slime (0/5) Lair:5
    Orc (2/2) D:11            Elf (3/3) Orc:2        Vaults (4/5) D:13
  Crypt (0/3) Vaults:2     Depths (3/5) D:15

Altars:
Cheibriados
Elyvilon
Kikubaaqudgha
Makhleb
Nemelex Xobeh
Okawaru
Qazlal
Ru
Sif Muna
Trog
Uskayaw
Vehumet
Wu Jian
Xom
Yredelemnul
Zin
Beogh
Jiyva

Shops:
D:4 :   D:8 [   D:14 =   Orc:2 ((*[   Depths:1 *

Portals:
Hell: Lair:6 Depths:1 Depths:2
Pandemonium: Depths:3
Trove: Elf:3 (give horn of Geryon)

Annotations:
D:10 exclusion: upstairs
Lair:5 1 runed door
Swamp:1 exclusion: Roxanne, Roxanne
Depths:3 1 exclusion


Innate Abilities, Weirdness & Mutations

You have a short attention span.
You have razor-sharp teeth.
Your uncanny sense of smell can sniff out nearby items.
You have a pair of small antennae on your head.
You are partially covered in icy blue scales. (AC +2)
You are partially covered in rugged brown scales. (AC +1, +3% HP)
Scrolls take you a little longer to read.
Your flesh is cold resistant. (rC+)
Your flesh is heat resistant. (rF+)
You are resistant to hostile enchantments. (MR+)
You are somewhat resistant to further mutation.
Your system is resistant to poisons. (rPois)


Message History

You hit the deep troll earth mage.
You barely miss the deep troll earth mage.
You hit the red very ugly thing. You closely miss the rakshasa.
You feel sick.
The deep troll stops moving altogether!
You block the deep troll earth mage's attack. x2
The deep troll earth mage claws you but does no damage.
The deep troll earth mage bites you but does no damage.
You block the deep troll earth mage's attack.
The deep troll earth mage claws you but does no damage.
You feel very sick.
The tengu reaver gestures wildly while chanting.
The tengu reaver conjures a globe of magical energy!
The deep troll earth mage bites you but does no damage.
The deep troll earth mage claws you but does no damage.
You block the deep troll earth mage's attack.
The rakshasa blinks!
You block the deep troll earth mage's attack. x2
The deep troll earth mage claws you.
You die...
Xom laughs nastily!

....................#
....................#
...........0........##
........<...#........#
.....uT..Y.#......)## ##
...{7T..#G.#......>.###.
{
.....TG#c##.##........#.
#...TQTu#..#..#.....[..[
######T@#..#.......((()<
##*###......<....#.
#..#............#.
#####+#..#...(..........
##.'.).#..#..............
#..#.}.#..#..8...........
{
#..#.(.'.##..............
..
#..#+#####.....(......?..
..... #..#
....#............


You could see a red very ugly thing, a tengu reaver, 2 great orbs of eyes, a red
ugly thing, 3 deep trolls, 2 deep troll earth magi, a deep troll shaman, a
yaktaur, an ice beast and a battlesphere.

Vanquished Creatures
  Mara (Vaults:2)
  Boris (Vaults:2)
  Frederick (Vaults:2)
  Nikola (Depths:2)
  A titan (Depths:3)
  4 liches
  2 deep elf master archers (Elf:3)
  2 deep elf blademasters (Elf:3)
  2 thorn hunters
  A sphinx (Vaults:2)
  Gastronok (D:8)
  A storm dragon (Vaults:4)
  3 tengu reavers
  An azure jelly (Swamp:4)
  A frost giant (Depths:2)
  4 deep elf sorcerers
  4 fire giants
  Louise (Elf:2)
  2 balrugs
  4 emperor scorpions
  Aizul (Elf:1)
  6 vault wardens
  4 ghost moths (Spider:4)
  2 angels (Depths:1)
  11 stone giants
  4 deep elf elementalists (Elf:3)
  24 ironheart preservers
  A vampire knight (Depths:1)
  5 entropy weavers
  8 very ugly things
  6 deep elf demonologists
  2 deep elf annihilators (Elf:3)
  3 spark wasps
  A blizzard demon (Depths:1)
  7 deep elf death magi
  7 ettins
  A minotaur (Lab)
  5 fire dragons
  A deep elf high priest (Elf:3)
  7 yaktaur captains
  5 great orbs of eyes
  10 hydras
  12 ice dragons
  10 rakshasas
  8 vault guards
  Fannar (Lair:3)
  A spriggan air mage (Depths:1)
  A ghost crab (Swamp:4)
  9 centaur warriors
  3 death knights
  55 two-headed ogres
  A queen ant (Spider:1)
  32 dancing weapons
  7 death yaks
  9 deep troll shamans
  16 ogre magi
  8 alligators
  3 hell hogs (Abyss:5)
  8 deep troll earth magi
  4 orc high priests
  4 thrashing horrors (Abyss:3)
  Sonja (Lair:1)
  2 shadow wraiths
  A sun demon (Lair:6)
  A wretched star (Abyss:3)
  5 skeletal warriors (Vaults:2)
  2 small abominations
  33 deep elf knights
  The ghost of George the Cleaver, a novice HOFi of Qazlal (D:7)
  3 iron trolls
  3 cherubim
  2 shambling mangroves (Swamp:1)
  A death drake (Elf:1)
  35 deep trolls
  3 spriggan druids
  2 glowing orange brains
  3 large abominations (Abyss:3)
  6 wizards
  3 swamp dragons (Swamp:2)
  17 deep elf archers
  A harpy (shapeshifter) (Depths:1)
  A statue (Abyss:5)
  5 harpies
  4 phantasmal warriors
  16 ironbrand convokers
  21 orb spiders
  65 ugly things
  14 orc knights
  Pikel (D:8)
  2 necromancers (Vaults:4)
  6 orc sorcerers (Orc:2)
  103 deep elf magi
  4 manticores
  An orb spider (shapeshifter) (Elf:1)
  2 salamanders (Depths:3)
  3 moths of wrath
  7 cyclopes
  24 wolf spiders
  10 vault sentinels
  A guardian serpent (Lair:6)
  An elephant (D:10)
  A water nymph (shapeshifter) (Vaults:2)
  An elephant (shapeshifter) (Vaults:1)
  2 naga magi (D:15)
  A black mamba (shapeshifter) (Depths:3)
  5 smoke demons
  7 black mambas
  A centaur skeleton (D:13)
  22 spiny frogs
  4 rime drakes
  3 gargoyles
  3 kobold demonologists
  A rime drake (shapeshifter) (D:14)
  A komodo dragon (shapeshifter) (Depths:3)
  3 orange demons (Lair:6)
  7 komodo dragons
  A yaktaur (shapeshifter) (Depths:3)
  12 freezing wraiths
  A hellion (Abyss:3)
  6 demonic crawlers
  An ice devil (Lair:6)
  A redback zombie (D:15)
  39 yaktaurs
  3 human skeletons (Vaults:4)
  An efreet (D:15)
  3 red devils
  22 jumping spiders
  9 meliai
  2 ancient zymes
  A meliai (shapeshifter) (D:13)
  4 tengu conjurers
  23 hornets
  6 tyrant leeches
  A queen bee (D:14)
  8 trolls
  2 wind drakes (shapeshifter)
  4 raiju (Abyss:3)
  40 slime creatures
  A raiju (shapeshifter) (Vaults:3)
  9 dream sheep
  9 blink frogs
  6 hippogriffs
  6 bog bodies
  2 human simulacra (Vaults:4)
  A frost giant simulacrum (Vaults:2)
  A hippogriff (shapeshifter) (Vaults:4)
  26 tarantellas
  55 redbacks
  2 starcursed masses (Abyss:3)
  6 spriggans
  4 wraiths
  5 water elementals
  4 shadows
  A ynoxinul (Abyss:3)
  3 air elementals
  2 yaks (shapeshifter)
  A redback (shapeshifter) (D:13)
  3 wyverns
  3 hogs (shapeshifter)
  36 yaks
  8 basilisks
  A golden eye (shapeshifter) (Vaults:1)
  2 fire elementals (Elf:1)
  Grum (D:8)
  A golden eye (Spider:3)
  A yaktaur simulacrum (Vaults:4)
  17 vampire mosquitoes
  4 swamp worm simulacra (Swamp:4)
  6 insubstantial wisps
  5 wargs
  4 acid dragons
  A soldier ant (shapeshifter) (Elf:3)
  A warg (shapeshifter) (Vaults:2)
  13 hydra simulacra (Swamp:4)
  18 swamp worms
  5 water moccasins
  5 soldier ants
  A floating eye (shapeshifter) (Vaults:4)
  3 floating eyes
  5 porcupines
  4 hell hounds (Lair:6)
  34 orc warriors
  4 sky beasts
  7 swamp drakes
  3 ice beasts
  4 slaves (D:8)
  An elf zombie (Vaults:4)
  An ettin simulacrum (Vaults:4)
  3 black bears
  An eye of draining (shapeshifter) (Ossuary)
  3 phantoms
  10 necrophages
  A tengu (shapeshifter) (Depths:1)
  42 ogres
  14 boggarts
  9 centaurs
  8 wolves
  11 crocodiles
  A crocodile (shapeshifter) (Vaults:2)
  3 big kobolds
  16 bullfrogs
  2 earth elementals (Elf:1)
  8 gnoll sergeants (Bailey)
  A water moccasin skeleton (D:6)
  12 scorpions
  A snapping turtle simulacrum (Abyss:3)
  17 killer bees
  6 electric eels
  2 howler monkeys
  A bullfrog zombie (D:12)
  8 crimson imps
  8 centaur zombies
  A quasit (Abyss:3)
  5 human zombies
  2 jellies
  25 orc priests
  6 gnoll shamans (Bailey)
  11 hounds
  Jessica (D:3)
  2 bullfrog skeletons
  3 iguanas
  31 orc wizards
  21 worker ants
  A killer bee zombie (D:10)
  3 mummies (Ossuary)
  2 worker ant zombies
  24 gnolls
  4 scorpion zombies (Ossuary)
  12 adders
  4 shadow imps
  A white imp (D:6)
  An ooze (D:1)
  3 swamp drake simulacra (Swamp:4)
  An adder zombie (D:8)
  2 adder skeletons
  5 worms
  2 dart slugs (D:2)
  5 leopard geckos
  109 orcs
  9 giant cockroaches
  2 gnoll zombies (Ossuary)
  5 goblins
  A hobgoblin (D:1)
  10 jackals
  4 quokkas
  2 ball pythons (D:5)
  5 bats
  6 frilled lizards
  3 goblin zombies (Ossuary)
  A hobgoblin zombie (Ossuary)
  28 kobolds
  2 kobold zombies (Ossuary)
  3 orc zombies (Ossuary)
  A quokka zombie (D:5)
  4 rats
  A briar patch (Swamp:4)
  A butterfly (Lair:6)
  4 crawling corpses (Elf:3)
  A fire vortex (Lair:1)
  3 fungi
  6 plants
1942 creatures vanquished.

Vanquished Creatures (collateral kills)
  A deep elf sorcerer (Elf:3)
  An ironheart preserver (Vaults:3)
  A deep elf demonologist (Elf:3)
  A spark wasp (Spider:4)
  A minotaur (Vaults:1)
  An ogre mage (Depths:3)
  A two-headed ogre (Depths:3)
  A spriggan berserker (Depths:3)
  2 deep elf archers (Elf:1)
  An orc knight (Orc:2)
  4 deep elf magi
  A torpor snail (Spider:4)
  A jumping spider (Spider:2)
  A water moccasin (D:6)
  A black bear (D:6)
  An orc warrior (Vaults:1)
  2 bullfrogs
  An orc priest (D:6)
  An orc wizard (D:6)
  A leopard gecko (D:6)
  An orc (D:6)
26 creatures vanquished.

Vanquished Creatures (others)
  A tentacled starspawn (Abyss:3)
  An azure jelly (Swamp:4)
  A thorn hunter (Swamp:4)
  4 stone giants (Depths:2)
  2 dancing weapons
  A two-headed ogre (Depths:1)
  A death yak (Lair:4)
  A deep elf knight (Elf:2)
  A deep elf archer (Vaults:1)
  3 deep elf magi
  2 wolf spiders
  A hornet (Swamp:3)
  A redback (Spider:2)
  A spriggan (Swamp:4)
  A swamp worm simulacrum (Swamp:4)
  A swamp drake (Swamp:4)
  An ogre (Vaults:1)
  A centaur (D:11)
  A quasit (Abyss:3)
  A small abomination (Abyss:3)
  5 gnolls (D:4)
  4 orcs
  A giant cockroach (D:4)
  A kobold (D:15)
  A hobgoblin zombie (Ossuary)
  24 briar patches (Swamp:3)
  A crawling corpse (Elf:3)
  A fire vortex (Lair:1)
  7 fungi
  3 plants (Lair:5)
75 creatures vanquished.

Grand Total: 2043 creatures vanquished

Notes
Turn   | Place    | Note
-------+----------+-------------------------------------------
     0 | D:1      | Duffy the Gnoll Chaos Knight began the quest for the Orb.
     0 | D:1      | Reached XP level 1. HP: 20/20 MP: 1/1
    27 | D:1      | Reached skill level 5 in Axes
   157 | D:1      | Reached XP level 2. HP: 24/26 MP: 2/2
   415 | D:1      | XOM: cloud trail
   460 | D:1      | Reached XP level 3. HP: 31/31 MP: 3/3
   601 | D:1      | XOM: mild Hex miscast
   738 | D:2      | XOM: butterfly on damage
  1113 | D:2      | Reached XP level 4. HP: 36/38 MP: 4/4
  1246 | D:2      | Found a sparkling altar of Nemelex Xobeh.
  1246 | D:2      | Found an iron altar of Okawaru.
  1247 | D:2      | Found a bloodstained altar of Trog.
  1327 | D:2      | XOM: 1-stop teleportation journey
  1583 | D:3      | Found a deep blue altar of Sif Muna.
  1583 | D:3      | Found an ancient bone altar of Kikubaaqudgha.
  1585 | D:3      | Found a radiant altar of Vehumet.
  1593 | D:3      | Identified Vehumet's Tome of Combat Magic
  2026 | D:3      | Noticed Jessica
  2032 | D:3      | Killed Jessica
  2032 | D:3      | Reached skill level 5 in Fighting
  2032 | D:3      | Reached XP level 5. HP: 43/44 MP: 5/5
  2152 | D:3      | XOM: divination: detect creatures
  2243 | D:3      | XOM: god gift: scale mail {god gift}
  2272 | D:3      | Found a bloodstained altar of Trog.
  2297 | D:3      | Found a basalt altar of Yredelemnul.
  2419 | D:4      | XOM: snakes to sticks
  2620 | D:4      | XOM: god gift: 3 poisoned javelins
  2669 | D:4      | XOM: potion effect (agility)
  2692 | D:3      | XOM: give mutation
  2692 | D:3      | Gained mutation: You are partially covered in iridescent scales. (AC +2) [Xom's grace]
  2925 | D:4      | Reached XP level 6. HP: 52/52 MP: 6/6
  2990 | D:4      | Found Elah Aqa's Book Shop.
  3035 | D:4      | XOM: give mutations
  3035 | D:4      | Gained mutation: You possess an exceptional clarity of mind. [Xom's grace]
  3035 | D:4      | Gained mutation: You are partially covered in icy blue scales. (AC +2) [Xom's grace]
  3123 | D:4      | XOM: cleaving
  3125 | D:4      | Reached skill level 5 in Armour
  3191 | D:4      | Found a staircase to the Ecumenical Temple.
  3227 | D:4      | XOM: god gift: dazzling hand axe {god gift}
  3228 | D:4      | Got a dazzling hand axe {god gift}
  3229 | D:4      | Identified the +2 hand axe "Ziutz" {chaos, Dex+5} (Xom gifted it to you on level 4 of the Dungeon)
  3287 | D:4      | XOM: divination: magic mapping
  3517 | D:4      | XOM: summons friendly neqoxec
  3770 | D:5      | Entered Level 5 of the Dungeon
  3790 | D:5      | XOM: confuse monster(s)
  3897 | D:5      | XOM: 1-stop teleportation journey
  3920 | D:5      | Reached XP level 7. HP: 55/58 MP: 7/7
  4009 | D:5      | Found a snail-covered altar of Cheibriados.
  4022 | D:5      | Found a sacrificial altar of Ru.
  4197 | D:5      | XOM: god gift: leather armour {god gift}
  4307 | D:5      | XOM: 8-stop teleportation journey
  4308 | D:5      | XOM: divine lightning
  4313 | D:5      | XOM: polymorph bullfrog -> iguana
  4505 | D:5      | Found a shimmering altar of Xom.
  4655 | D:5      | XOM is BORED!
  4655 | D:5      | XOM: give mutation
  4655 | D:5      | Gained mutation: You are weak. (Str -2) [Xom's mischief]
  4891 | D:6      | XOM: destruction
  4956 | D:6      | Reached XP level 8. HP: 61/67 MP: 6/8
  5648 | D:6      | XOM: polymorph shadow imp -> white imp
  5723 | D:6      | Reached XP level 9. HP: 51/75 MP: 4/9
  5973 | D:6      | Found an ornate altar of the Wu Jian Council.
  6139 | D:6      | Found Zin's Purification Station.
  6139 | D:6      | Found a glowing silver altar of Zin.
  6374 | D:6      | XOM is BORED!
  6374 | D:6      | XOM: noise
  6552 | D:6      | Reached skill level 1 in Shields
  6559 | D:6      | XOM: divination: detect items
  6625 | D:7      | XOM: confuse monster(s)
  6710 | D:7      | XOM: summons 4 friendly demons
  6721 | D:7      | Noticed George's ghost (novice HOFi)
  6722 | D:7      | XOM: summons 2 friendly demons
  6762 | D:7      | XOM: divine lightning
  6765 | D:7      | Found a sand-covered staircase.
  6765 | D:7      | Found a white marble altar of Elyvilon.
  6765 | D:7      | XOM: 7-stop teleportation journey
  6779 | D:7      | XOM: god gift: flail {god gift}
  6785 | Ossuary  | Entered an ossuary
  6795 | Ossuary  | XOM: cloud trail
  6895 | Ossuary  | XOM: give mutations
  6895 | Ossuary  | Gained mutation: You are robust. (+10% HP) [Xom's grace]
  6895 | Ossuary  | Gained mutation: You are partially covered in large bone plates. (SH +4) [Xom's grace]
  6895 | Ossuary  | Lost mutation: You are weak. (Str -2) [Xom's grace]
  6939 | Ossuary  | XOM: polymorph scorpion -> ice beast
  6964 | Ossuary  | Lost mutation: You are robust. (+10% HP) [mutagenic meat]
  6965 | Ossuary  | Gained mutation: Your spells are a little harder to cast, but a little more powerful. [mutagenic meat]
  7067 | Ossuary  | XOM: polymorph scorpion -> swamp drake
  7086 | Ossuary  | XOM: scenery: 3 doors close
  7150 | Ossuary  | XOM: chaos cloud
  7219 | Ossuary  | Reached skill level 10 in Axes
  7243 | Ossuary  | XOM: scenery: 1 doors close
  7283 | D:7      | XOM: medium Conj miscast
  7422 | D:7      | Reached skill level 5 in Shields
  7483 | D:7      | XOM: potion effect (agility)
  7485 | D:7      | XOM: divination: magic mapping
  7496 | D:7      | XOM: harmless Tmut miscast
  7507 | D:7      | Killed George's ghost
  7507 | D:7      | Reached XP level 10. HP: 80/83 MP: 10/10
  7636 | D:7      | XOM: harmless Air miscast
  8080 | D:8      | Got a faintly glowing ring mail
  8091 | D:8      | Identified the +1 ring mail of Igoqyps {*Contam rPois rN+ Int+4} (You found it on level 8 of the Dungeon)
  8099 | D:8      | Gained mutation: You have a pair of small antennae on your head. [mutagenic glow]
  8179 | D:8      | Found a sparkling altar of Nemelex Xobeh.
  8312 | D:8      | Noticed Grum
  8314 | D:8      | Noticed Gastronok
  8321 | D:8      | XOM: confuse monster(s)
  8345 | D:8      | XOM: cast spell 'Statue Form'
  8362 | D:8      | Killed Grum
  8369 | D:8      | XOM: cast spell 'Metabolic Englaciation'
  8383 | D:8      | Killed Gastronok
  8383 | D:8      | Reached skill level 10 in Armour
  8601 | D:8      | Reached XP level 11. HP: 89/89 MP: 9/11
  8636 | D:8      | Found Jaturani's Armour Shop.
  8637 | D:8      | Noticed Pikel
  8658 | D:8      | Killed Pikel
  8874 | D:9      | XOM: harmless Ice miscast
  9181 | D:9      | Found a burning altar of Makhleb.
  9297 | D:9      | XOM: confuse monster(s)
  9307 | D:9      | XOM: divination: detect creatures
  9309 | D:9      | Noticed a two-headed ogre
  9359 | D:9      | XOM: potion effect (brilliance)
  9361 | D:9      | XOM: noise
  9363 | D:9      | XOM: cast spell 'Call Canine Familiar'
  9379 | D:9      | XOM: potion effect (might)
  9382 | D:9      | XOM: divination: detect creatures
  9383 | D:9      | XOM: confuse monster(s)
  9388 | D:9      | Killed a two-headed ogre
  9480 | D:10     | Entered Level 10 of the Dungeon
  9577 | D:10     | XOM: god gift: pair of runed gloves {god gift}
  9945 | D:10     | XOM: 2-stop teleportation journey
 10357 | D:11     | XOM: stealth player
 10409 | D:11     | Reached skill level 1 in Evocations
 10460 | D:11     | XOM: polymorph killer bee -> worker ant
 10506 | D:11     | XOM: 1-stop teleportation journey
 10523 | D:11     | XOM: cleaving
 10602 | D:11     | Noticed a manticore
 10606 | D:11     | XOM: god gift: ring mail {god gift}
 10628 | D:11     | Killed a manticore
 10731 | D:11     | XOM: noise
 10887 | D:11     | Noticed a purple ugly thing
 10903 | D:11     | XOM: torment (50/89 hp)
 10906 | D:11     | Killed a purple ugly thing
 11092 | D:11     | Found a staircase to the Orcish Mines.
 11133 | D:11     | Noticed a death yak
 11144 | D:11     | XOM: mild Chrm miscast
 11158 | D:10     | Noticed a six-headed hydra
 11158 | D:10     | a death yak changed into a six-headed hydra
 11158 | D:10     | XOM: polymorph death yak -> six-headed hydra
 11164 | D:10     | XOM: fog
 11171 | D:10     | Killed a one-headed hydra
 11171 | D:10     | Reached skill level 5 in Evocations
 11326 | D:11     | XOM: divination: detect creatures
 11338 | D:11     | XOM: scenery: create altars
 11394 | D:11     | XOM: medium Conj miscast
 11403 | D:11     | XOM: cloud trail
 11470 | D:11     | Found a staircase to the Lair.
 11578 | D:11     | XOM: god gift: scroll of immolation
 11719 | Lair:1   | Entered Level 1 of the Lair of Beasts
 11727 | Lair:1   | XOM: summons friendly crimson imp
 11741 | Lair:1   | Found a labyrinth entrance.
 11764 | Lair:1   | Reached XP level 12. HP: 85/95 MP: 16/16
 11771 | Lab      | Entered a labyrinth
 11850 | Lab      | XOM: 1-stop teleportation journey
 11944 | Lab      | Noticed a minotaur
 11979 | Lab      | XOM: mild Necr miscast
 11987 | Lab      | Killed a minotaur
 12010 | Lab      | Identified the Compendium of Augmentations
 12211 | Lair:1   | Noticed Sonja
 12212 | Lair:1   | XOM: scenery: create altars
 12213 | Lair:1   | Killed Sonja
 12436 | Lair:1   | Noticed a four-headed hydra
 12459 | Lair:1   | XOM: scenery: 1 doors open
 12463 | Lair:1   | XOM: cast spell 'Necromutation'
 12466 | Lair:1   | Killed a one-headed hydra
 12576 | Lair:1   | Identified the Disquisition on Damage Dealing and the Escort
 12619 | Lair:1   | XOM: divination: detect creatures
 12950 | Lair:1   | XOM: mild Fire miscast
 13012 | Lair:2   | Found a hole to the Spider Nest.
 13098 | Lair:2   | XOM: stat loss: -1 Int (11/12)
 13336 | Lair:2   | XOM is BORED!
 13336 | Lair:2   | XOM: summons 4 hostile demons
 13378 | Lair:2   | Reached skill level 5 in Dodging
 13626 | Lair:2   | XOM: harmless Fire miscast
 14118 | Lair:3   | Reached skill level 10 in Shields
 14147 | Lair:3   | Found a hide-covered altar of Uskayaw.
 14258 | Lair:3   | Found a staircase to the Swamp.
 14553 | Lair:3   | Noticed Fannar
 14919 | Lair:3   | XOM: noise
 14943 | Lair:3   | XOM: enchant monster (bad)
 15073 | Lair:3   | Killed Fannar
 15073 | Lair:3   | Reached XP level 13. HP: 49/101 MP: 8/17
 15186 | Lair:3   | XOM: cloud trail
 15280 | Lair:3   | XOM: god gift: wand of paralysis (?/24) {god gift}
 15329 | Lair:3   | XOM: torment (60/101 hp)
 15731 | Lair:4   | XOM: summons 1 hostile shadow creature
 15924 | Lair:4   | XOM: noise
 15929 | Lair:4   | XOM: harmless Summ miscast
 15960 | Lair:4   | XOM: medium Necr miscast
 16118 | Lair:4   | XOM: summons 2 hostile shadow creatures
 16132 | Lair:4   | XOM: enchant monster (bad)
 16143 | Lair:4   | XOM: divination: magic mapping
 16151 | Lair:4   | XOM: blink monster(s)
 16155 | Lair:4   | XOM: divine lightning
 16173 | Lair:4   | XOM: blink monster(s)
 16238 | Lair:4   | Noticed a fire dragon
 16239 | Lair:4   | XOM: mild Pois miscast
 16246 | Lair:4   | XOM: enchant monster (good)
 16265 | Lair:4   | XOM: summons 6 hostile demons
 16272 | Lair:4   | XOM: summons 1 hostile shadow creature
 16284 | Lair:4   | XOM: torment (49/101 hp)
 16292 | Lair:4   | XOM: cleaving
 16295 | Lair:4   | XOM: confuse monster(s)
 16483 | Lair:5   | XOM: god gift: 1020 gold pieces
 16654 | Lair:5   | XOM: cloud trail
 16695 | Lair:5   | XOM: summons 6 friendly demons
 17191 | Lair:5   | Found a runed door.
 17192 | Lair:5   | Found a viscous altar of Jiyva.
 17197 | Lair:5   | Found a staircase to the Slime Pits.
 17350 | Lair:5   | XOM: divination: detect items
 17397 | Lair:5   | XOM: god gift: giant spiked club {god gift}
 17486 | Lair:5   | XOM: confuse monster(s)
 17586 | Lair:5   | XOM: give mutation
 17586 | Lair:5   | Gained mutation: Your mind is acute. (Int +2) [Xom's grace]
 17589 | Lair:6   | Entered Level 6 of the Lair of Beasts
 17630 | Lair:6   | XOM: confuse monster(s)
 18181 | Lair:6   | XOM: 4-stop teleportation journey
 18187 | Lair:6   | XOM: snakes to sticks
 18517 | Lair:6   | XOM: polymorph yak -> guardian serpent
 18524 | Lair:6   | Reached skill level 10 in Dodging
 18524 | Lair:6   | Reached XP level 14. HP: 79/108 MP: 18/18
 18529 | Lair:6   | XOM: medium Fire miscast
 18595 | Lair:5   | XOM: god gift: 21 gold pieces
 18712 | Lair:5   | XOM: noise
 18743 | Lair:6   | XOM: scenery: 1 doors open
 18775 | Lair:6   | XOM: blink monster(s)
 18780 | Lair:6   | XOM: summons 5 hostile demons
 18832 | Lair:6   | XOM is BORED!
 19061 | Lair:6   | XOM: mild Tloc miscast
 19229 | Lair:6   | XOM: give mutations
 19229 | Lair:6   | Gained mutation: You are resistant to electric shocks. (rElec) [Xom's grace]
 19229 | Lair:6   | Gained mutation: You have sharp toenails. [Xom's grace]
 19365 | Lair:6   | XOM: scenery: create altars
 19464 | Lair:6   | XOM: god gift: scroll of recharging
 19643 | Orc:1    | Entered Level 1 of the Orcish Mines
 19737 | Orc:1    | XOM: scenery: create altars
 19795 | Orc:2    | Entered Level 2 of the Orcish Mines
 19826 | Orc:2    | Found a roughly hewn altar of Beogh.
 19826 | Orc:2    | XOM: 6-stop teleportation journey
 19978 | Orc:2    | XOM: potion effect (agility)
 20047 | Orc:2    | Found a staircase to the Elven Halls.
 20156 | Orc:1    | Noticed a stone giant
 20162 | Orc:1    | XOM: enchant monster (bad)
 20186 | Orc:2    | Killed a stone giant
 20716 | Orc:1    | XOM is BORED!
 20716 | Orc:1    | XOM: noise
 20866 | Orc:1    | XOM: silly message
 20939 | Orc:2    | XOM: harmless Ice miscast
 22171 | Orc:2    | XOM: confuse monster(s)
 22200 | Orc:2    | XOM: cast spell 'Summon Horrible Things'
 22233 | Orc:2    | XOM: scenery: create altars
 22261 | Orc:2    | XOM: summons friendly crimson imp
 22796 | Orc:2    | Found Ceycha's Armour Emporium.
 22800 | Orc:2    | Found Xotunu's Weapon Shop.
 22806 | Orc:2    | Found Ceog's Antique Weapon Shop.
 22808 | Orc:2    | Found Yruceff's Assorted Antiques.
 22816 | Orc:2    | Bought a scroll labeled HEAPE UKHUCKI for 28 gold pieces
 22816 | Orc:2    | Bought a scroll labeled BIFEKA TOBAFAJ for 28 gold pieces
 22816 | Orc:2    | Bought a scroll of teleportation for 84 gold pieces
 22896 | Orc:2    | XOM: give mutations
 22896 | Orc:2    | Gained mutation: You are covered in fur. (AC +1) [Xom's grace]
 22896 | Orc:2    | Gained mutation: You have extremely sharp teeth. [Xom's grace]
 22896 | Orc:2    | Gained mutation: Your muscles are strong. (Str +2) [Xom's grace]
 23009 | D:12     | Found a flagged portal.
 23033 | D:12     | XOM is BORED!
 23033 | D:12     | XOM: 5-stop teleportation journey
 23087 | Bailey   | Entered a bailey
 23281 | Bailey   | XOM: cleaving
 23463 | Bailey   | XOM: scenery: 3 doors close
 23628 | Bailey   | XOM: give mutations
 23628 | Bailey   | Gained mutation: Your spells are harder to cast, but more powerful. [Xom's grace]
 23628 | Bailey   | Gained mutation: Your system is resistant to poisons. (rPois) [Xom's grace]
 23628 | Bailey   | Gained mutation: Your muscles are very strong. (Str +4) [Xom's grace]
 23868 | D:12     | XOM: cloud trail
 24286 | D:13     | XOM: god gift: 20 sling bullets
 24299 | D:13     | XOM: severe Erth miscast
 24319 | D:13     | XOM: harmless Conj miscast
 24345 | D:13     | XOM: noise
 24398 | D:13     | XOM: give mutations
 24398 | D:13     | Lost mutation: Your mind is acute. (Int +2) [Xom's mischief]
 24398 | D:13     | Lost mutation: Your muscles are very strong. (Str +4) [Xom's mischief]
 24398 | D:13     | Lost mutation: Your system is resistant to poisons. (rPois) [Xom's mischief]
 24398 | D:13     | Lost mutation: Your spells are harder to cast, but more powerful. [Xom's mischief]
 24406 | D:13     | XOM: smoke on damage
 24508 | D:13     | XOM: mild Conj miscast
 24618 | D:13     | XOM: mild Necr miscast
 24849 | D:13     | XOM: fog
 24996 | D:13     | XOM: medium Air miscast
 25048 | D:13     | XOM: blink monster(s)
 25089 | D:13     | XOM is BORED!
 25089 | D:13     | XOM: noise
 25100 | D:13     | Reached XP level 15. HP: 96/112 MP: 19/21
 25266 | D:13     | XOM: scenery: 1 doors close
 25317 | D:13     | XOM: summons 13 friendly demons
 25380 | D:13     | Found a gate to the Vaults.
 25530 | D:13     | XOM: mild Conj miscast
 25836 | D:13     | XOM: medium Ice miscast
 26094 | D:14     | XOM: harmless Chrm miscast
 26105 | D:14     | XOM: polymorph centaur -> big kobold
 26107 | D:14     | XOM: silly message
 26223 | D:14     | XOM: cast spell 'Dispersal'
 26302 | D:14     | XOM: enchant monster (bad)
 26499 | D:14     | XOM is BORED!
 26680 | D:14     | XOM: cast spell 'Olgreb's Toxic Radiance'
 26691 | D:14     | XOM: blink monster(s)
 26744 | D:14     | XOM: silly message
 27014 | D:14     | Found Gepp's Jewellery Shop.
 27018 | D:14     | Bought a +5 ring of slaying for 1705 gold pieces
 27160 | D:14     | XOM: god gift: 23 stones
 27276 | D:15     | Entered Level 15 of the Dungeon
 27318 | D:15     | XOM: fake destruction
 27603 | D:15     | XOM: summons friendly shadow imp
 27617 | D:15     | XOM: summons 2 friendly demons
 27657 | D:15     | XOM: polymorph crimson imp -> iron imp
 27676 | D:15     | XOM: noise
 27760 | D:15     | XOM: 1-stop teleportation journey
 27838 | D:15     | XOM: scenery: 1 doors open, 3 doors close
 27868 | D:15     | XOM: 1-stop teleportation journey
 27964 | D:15     | XOM: destruction
 28109 | D:15     | XOM: divination: detect items
 28126 | D:15     | XOM: cleaving
 28205 | D:15     | XOM: smoke on damage
 28754 | D:15     | XOM: harmless Pois miscast
 28825 | D:15     | XOM: god gift: wand of acid (?/15) {god gift}
 28862 | D:15     | XOM: polymorph wizard -> wolf spider
 29035 | D:15     | XOM: mild Hex miscast
 29253 | D:15     | Found a staircase to the Depths.
 29279 | D:15     | Reached XP level 16. HP: 86/119 MP: 15/22
 29286 | D:15     | XOM: mild Fire miscast
 29816 | D:8      | Bought a +0 cloak of poison resistance for 102 gold pieces
 29827 | D:8      | Bought the +3 pair of gloves "Ynoh" {rN+++ MP+9 Int-3 Dex+3} for 796 gold pieces
 29957 | D:6      | Bought a potion of curing for 90 gold pieces
 30281 | D:14     | Bought an uncursed ring of protection from magic for 375 gold pieces
 30281 | D:14     | Bought an uncursed ring of protection from fire for 375 gold pieces
 30355 | D:13     | XOM: summons friendly ufetubus
 30450 | Spider:1 | Entered Level 1 of the Spider Nest
 30572 | Spider:1 | XOM: 4-stop teleportation journey
 30578 | Spider:1 | XOM: scenery: create altars
 30807 | Spider:1 | XOM: summons friendly iron imp
 30826 | Spider:1 | XOM: summons 7 friendly demons
 30831 | Spider:1 | XOM: divination: detect creatures
 30865 | Spider:1 | XOM: enchant monster (good)
 30922 | Spider:1 | XOM: confuse monster(s)
 31037 | Spider:1 | XOM: give mutations
 31037 | Spider:1 | Gained mutation: You are covered in thick fur. (AC +2) [Xom's grace]
 31037 | Spider:1 | Gained mutation: You passively map a small area around you. [Xom's grace]
 31123 | Spider:1 | XOM: swap monsters
 31374 | Spider:1 | XOM: scenery: create altars
 31384 | Spider:1 | XOM: cast spell 'Summon Ice Beast'
 31511 | Spider:1 | XOM: give mutations
 31511 | Spider:1 | Gained mutation: You evolve. [Xom's grace]
 31511 | Spider:1 | Gained mutation: You can translocate small distances at will. [Xom's grace]
 31636 | Spider:1 | XOM is BORED!
 31636 | Spider:1 | XOM: mild Tloc miscast
 31851 | Spider:1 | XOM: god gift: 31 gold pieces
 31913 | Spider:1 | XOM: silly message
 31932 | Spider:1 | Got a pair of twisted boots
 31938 | Spider:1 | Identified the +0 pair of boots "Uwegol" {-Tele rCorr Str+6} (You found it on level 1 of the Spider Nest)
 31953 | Spider:1 | XOM: scenery: create altars
 31994 | Spider:1 | Gained mutation: You rapidly evolve. [evolution]
 32246 | Spider:2 | XOM: summons 3 friendly demons
 32270 | Spider:2 | XOM: divination: detect items
 32298 | Spider:2 | XOM: polymorph tarantella -> redback
 32316 | Spider:2 | XOM: god gift: great sword {god gift}
 32695 | Spider:2 | XOM: give mutations
 32695 | Spider:2 | Gained mutation: You are agile. (Dex +2) [Xom's grace]
 32695 | Spider:2 | Gained mutation: You have razor-sharp toenails. [Xom's grace]
 32695 | Spider:2 | Gained mutation: Your mind is acute. (Int +2) [Xom's grace]
 32729 | Spider:2 | XOM: god gift: iron wand {god gift}
 32735 | Spider:2 | XOM: summons 1 hostile demon
 32746 | Spider:3 | XOM: polymorph wolf spider -> spark wasp
 32833 | Spider:3 | XOM: noise
 32994 | Spider:3 | XOM: harmless Ice miscast
 33015 | Spider:3 | XOM: noise
 33028 | Spider:3 | XOM: polymorph orb spider -> golden eye
 33039 | Spider:3 | XOM: summons 2 hostile demons
 33153 | Spider:2 | XOM: noise
 33353 | Spider:3 | XOM: enchant monster (bad)
 33519 | Spider:3 | XOM: swap monsters
 33862 | Spider:3 | XOM: chaos cloud
 33898 | Spider:3 | XOM: noise
 34095 | Spider:3 | XOM: silly message
 34101 | Spider:4 | Entered Level 4 of the Spider Nest
 34218 | Spider:4 | XOM: summons 2 friendly demons
 34232 | Spider:4 | XOM: cleaving
 34236 | Spider:4 | XOM: enchant monster (good)
 34458 | Spider:4 | XOM: silly message
 34548 | Spider:4 | XOM: silly message
 34589 | Spider:4 | Reached XP level 17. HP: 115/126 MP: 23/23
 35247 | Spider:4 | XOM: divination: detect items
 35264 | Spider:4 | XOM: god gift: 17 gold pieces
 35265 | Spider:4 | Reached skill level 10 in Fighting
 35375 | Spider:4 | XOM: give mutations
 35375 | Spider:4 | Lost mutation: You rapidly evolve. [Xom's grace]
 35375 | Spider:4 | Lost mutation: You evolve. [Xom's grace]
 35375 | Spider:4 | Gained mutation: You are somewhat resistant to further mutation. [Xom's grace]
 35375 | Spider:4 | Gained mutation: You are resistant to hostile enchantments. (MR+) [Xom's grace]
 35375 | Spider:4 | Gained mutation: You passively map the area around you. [Xom's grace]
 35768 | Spider:4 | XOM: scenery: 2 doors open
 35789 | Spider:4 | XOM: cleaving
 35792 | Spider:4 | XOM: fog
 36047 | Spider:4 | XOM: summons 6 friendly demons
 36130 | Spider:4 | XOM: give mutations
 36130 | Spider:4 | Lost mutation: Your muscles are strong. (Str +2) [Xom's mischief]
 36130 | Spider:4 | Lost mutation: You are partially covered in iridescent scales. (AC +2) [Xom's mischief]
 36130 | Spider:4 | Lost mutation: You are resistant to hostile enchantments. (MR+) [Xom's mischief]
 36138 | Spider:4 | XOM: noise
 36247 | Spider:4 | Got a gossamer rune of Zot
 36350 | Spider:4 | XOM: mild Air miscast
 36604 | D:11     | XOM: noise
 36700 | Elf:1    | Entered Level 1 of the Elven Halls
 36712 | Elf:1    | XOM: destruction
 36728 | Elf:1    | XOM: 1-stop teleportation journey
 36748 | Elf:1    | XOM: 2-stop teleportation journey
 36827 | Elf:1    | XOM: 1-stop teleportation journey
 36859 | Elf:1    | XOM: chaos upgrade
 36915 | Elf:1    | XOM: polymorph deep elf mage -> faun
 36931 | Elf:1    | XOM: chaos upgrade
 36932 | Elf:1    | XOM: enchant monster (good)
 36941 | Elf:1    | XOM: polymorph jumping spider -> hippogriff
 36954 | Elf:1    | XOM: polymorph faun -> floating eye
 37134 | Elf:1    | XOM: give mutations
 37134 | Elf:1    | Gained mutation: You are partially covered in molten scales. (AC +2) [Xom's grace]
 37134 | Elf:1    | Gained mutation: You have a pair of antennae on your head. [Xom's grace]
 37134 | Elf:1    | Gained mutation: You are very agile. (Dex +4) [Xom's grace]
 37182 | Elf:1    | XOM: cast spell 'Shadow Creatures'
 37271 | Elf:1    | XOM: scenery: 5 doors open, 3 doors close
 37329 | Elf:1    | XOM: polymorph deep elf mage -> death drake
 37339 | Elf:1    | XOM: scenery: 2 doors close
 37392 | Elf:1    | XOM: cloud trail
 37529 | Elf:1    | XOM: divination: detect items
 37540 | Elf:1    | XOM: potion effect (invisibility)
 37545 | Elf:1    | XOM: summons 7 friendly demons
 37655 | Elf:1    | XOM: 4-stop teleportation journey
 37790 | Elf:1    | XOM: polymorph ice devil -> rust devil
 37941 | Elf:1    | XOM: swap monsters
 38110 | Elf:1    | XOM: 3-stop teleportation journey
 38113 | Elf:1    | XOM: noise
 38134 | Elf:1    | XOM: harmless Air miscast
 38160 | Elf:1    | XOM: harmless Tloc miscast
 38294 | Elf:1    | XOM: swap monsters
 38335 | Elf:1    | XOM: harmless Air miscast
 38748 | Elf:1    | XOM: summons friendly white imp
 39007 | Elf:1    | Reached XP level 18. HP: 133/133 MP: 24/24
 39063 | Elf:1    | XOM: butterfly on damage
 39065 | Elf:1    | XOM: harmless Necr miscast
 39449 | Elf:1    | Noticed Aizul
 39469 | Elf:1    | Killed Aizul
 39599 | Elf:1    | XOM: noise
 39781 | Elf:1    | XOM: harmless Hex miscast
 39839 | Elf:1    | XOM: destruction
 39844 | Elf:1    | XOM: cleaving
 39856 | Elf:1    | XOM: divination: detect items
 39865 | Elf:1    | XOM: polymorph demonic crawler -> rakshasa
 39866 | Elf:1    | XOM: summons 2 friendly demons
 40374 | Elf:2    | Noticed Louise
 40391 | Elf:2    | Killed Louise
 40559 | Elf:2    | XOM: give mutations
 40559 | Elf:2    | Lost mutation: You are resistant to electric shocks. (rElec) [Xom's mischief]
 40559 | Elf:2    | Lost mutation: You possess an exceptional clarity of mind. [Xom's mischief]
 40559 | Elf:2    | Lost mutation: Your mind is acute. (Int +2) [Xom's mischief]
 40559 | Elf:2    | Lost mutation: Your spells are a little harder to cast, but a little more powerful. [Xom's mischief]
 40640 | Elf:2    | XOM: cloud trail
 40646 | Elf:2    | Found a huge runed gate.
 40646 | Elf:2    | Found a huge runed gate.
 40646 | Elf:2    | Found a huge runed gate.
 40779 | Elf:2    | XOM: noise
 40815 | Elf:2    | XOM: enchant monster (good)
 40906 | Elf:2    | XOM: cleaving
 40993 | Elf:2    | XOM: summons 5 hostile demons
 41057 | Elf:2    | XOM: blink monster(s)
 41331 | Elf:2    | XOM: swap monsters
 41334 | Elf:2    | XOM: noise
 41789 | Elf:2    | XOM: potion effect (berserk rage)
 41847 | Elf:2    | XOM: divination: magic mapping
 41850 | Elf:2    | XOM: potion effect (haste)
 41851 | Elf:2    | XOM: divination: detect items
 41920 | Elf:2    | XOM: potion effect (magic)
 41925 | Elf:2    | XOM: potion effect (brilliance)
 41940 | Elf:2    | XOM: noise
 41951 | Elf:2    | XOM: harmless Necr miscast
 41954 | Elf:2    | XOM: confuse monster(s)
 42202 | Elf:2    | XOM: cloud trail
 42240 | Elf:2    | XOM: enchant monster (bad)
 42317 | Elf:2    | XOM: confuse monster(s)
 42470 | Elf:2    | XOM: harmless Erth miscast
 42668 | Elf:2    | XOM: noise
 42704 | Elf:2    | XOM: god gift: hardcover book {god gift}
 42735 | Elf:2    | XOM: summons 4 hostile demons
 42995 | Elf:2    | XOM: noise
 43115 | Elf:3    | Entered Level 3 of the Elven Halls
 43374 | Elf:3    | Found a portal to a secret trove of treasure.
 43597 | Elf:3    | XOM: 1-stop teleportation journey
 43600 | Elf:3    | Noticed a deep elf blademaster
 43722 | Elf:3    | XOM: give mutations
 43722 | Elf:3    | Lost mutation: You are partially covered in molten scales. (AC +2) [Xom's mischief]
 43722 | Elf:3    | Lost mutation: You are somewhat resistant to further mutation. [Xom's mischief]
 44024 | Elf:3    | XOM: cloud trail
 44114 | Elf:3    | XOM: summons 7 friendly demons
 44296 | Elf:3    | Noticed a Brimstone Fiend
 44353 | Elf:3    | Noticed a deep elf blademaster
 44354 | Elf:3    | XOM: cast spell 'Summon Horrible Things'
 44359 | Elf:3    | XOM: destruction
 44363 | Elf:3    | Noticed a deep elf master archer
 44365 | Elf:3    | Noticed a deep elf master archer
 44368 | Elf:3    | Killed a deep elf blademaster
 44379 | Elf:3    | Killed a deep elf blademaster
 44384 | Elf:3    | Killed a deep elf master archer
 44391 | Elf:3    | Reached XP level 19. HP: 116/141 MP: 25/25
 44678 | Elf:3    | XOM: god gift: 13 gold pieces
 44720 | Elf:3    | XOM: harmless Tloc miscast
 44799 | Elf:3    | XOM: swap monsters
 44803 | Elf:3    | XOM: destruction
 44821 | Elf:3    | XOM: medium Erth miscast
 44853 | Elf:3    | XOM: severe Necr miscast
 45056 | Elf:2    | XOM: give mutations
 45056 | Elf:2    | Lost mutation: You can translocate small distances at will. [Xom's mischief]
 45056 | Elf:2    | Lost mutation: You are partially covered in icy blue scales. (AC +2) [Xom's mischief]
 45250 | Elf:3    | Got a steaming granite ring
 45256 | Elf:3    | XOM: cast spell 'Shadow Creatures'
 45295 | Elf:3    | XOM: confuse monster(s)
 45337 | Elf:3    | Got a bound lead ring
 45338 | Elf:3    | Identified the ring of Dishonesty {rF+ Dex+4} (You took it off a deep elf death mage on level 3 of the Elven Halls)
 45342 | Elf:3    | Identified the ring of the Stallion {rElec rPois Str+6 Int+3 Dex-4} (You took it off a deep elf death mage on level 3 of the Elven Halls)
 45365 | Elf:3    | XOM: divination: detect items
 45731 | Elf:3    | Got a steaming ivory ring
 45845 | Elf:3    | Identified the ring "Lierenwul" {rElec rPois rC+ Dex-3 Slay+4} (You took it off a deep elf knight on level 3 of the Elven Halls)
 46156 | Lair:2   | XOM: god gift: wand of iceblast (?/15) {god gift}
 46239 | Swamp:1  | Entered Level 1 of the Swamp
 46284 | Swamp:1  | XOM: enchant monster (bad)
 46285 | Swamp:1  | XOM: noise
 46291 | Swamp:1  | XOM: divination: magic mapping
 46377 | Swamp:1  | XOM: give mutations
 46377 | Swamp:1  | Gained mutation: Armour fits poorly on your strangely shaped body. [Xom's mischief]
 46377 | Swamp:1  | Lost mutation: Armour fits poorly on your strangely shaped body. [Xom's mischief]
 46675 | Swamp:1  | XOM: swap monsters
 46702 | Swamp:1  | XOM: chaos upgrade
 46738 | Swamp:1  | XOM: harmless Pois miscast
 46818 | Swamp:1  | Noticed Roxanne
 46954 | Swamp:1  | Cast into level 3 of the Abyss (Xom)
 46978 | Abyss:3  | XOM: enchant monster (bad)
 46986 | Abyss:3  | XOM: summons 1 hostile demon
 47003 | Abyss:3  | XOM: confuse monster(s)
 47056 | Abyss:3  | XOM: harmless Pois miscast
 47088 | Abyss:3  | XOM: potion effect (curing)
 47092 | Abyss:3  | XOM: divination: magic mapping
 47093 | Abyss:3  | Paralysed by accursed screaming for 1 turns
 47094 | Abyss:3  | XOM: divination: detect items
 47099 | Abyss:3  | XOM: polymorph smoke demon -> sun demon
 47402 | Abyss:3  | Noticed a lich
 47477 | Abyss:4  | XOM: stealth player
 47525 | Abyss:5  | XOM: noise
 47525 | Abyss:5  | Entered Level 5 of the Abyss
 47541 | Abyss:5  | XOM: smoke on damage
 47543 | Abyss:5  | Found an ancient bone altar of Kikubaaqudgha.
 47544 | Abyss:5  | XOM: scenery: create altars
 47562 | Abyss:5  | XOM: cast spell 'Olgreb's Toxic Radiance'
 47586 | Abyss:5  | XOM: fog
 47602 | Abyss:5  | Found a shimmering altar of Xom.
 47603 | Swamp:1  | Escaped the Abyss
 48003 | Swamp:1  | XOM: god gift: book of Ice
 48088 | Swamp:2  | XOM: summons friendly ufetubus
 48219 | Swamp:2  | XOM: scenery: create altars
 48662 | Swamp:2  | XOM: scenery: create altars
 48752 | Swamp:3  | XOM: fog
 48805 | Swamp:3  | XOM: destruction
 49162 | Swamp:3  | XOM: give mutations
 49162 | Swamp:3  | Gained mutation: Your flesh is cold resistant. (rC+) [Xom's grace]
 49162 | Swamp:3  | Gained mutation: Your system is resistant to poisons. (rPois) [Xom's grace]
 49211 | Swamp:3  | XOM: polymorph slime creature -> ice dragon
 49336 | Swamp:3  | Reached XP level 20. HP: 152/152 MP: 26/26
 49350 | Swamp:3  | XOM: mild Ice miscast
 49545 | Swamp:4  | Entered Level 4 of the Swamp
 49564 | Swamp:4  | XOM: harmless Ice miscast
 49652 | Swamp:4  | XOM: silly message
 49766 | Swamp:4  | XOM: potion effect (magic)
 49903 | Swamp:4  | XOM: harmless Tmut miscast
 49982 | Swamp:4  | XOM: noise
 50220 | Swamp:4  | XOM: mild Conj miscast
 50315 | Swamp:4  | XOM: divination: detect creatures
 50448 | Swamp:4  | Got a decaying rune of Zot
 51151 | Vaults:1 | Entered Level 1 of the Vaults
 51238 | Vaults:1 | XOM: polymorph red ugly thing -> minotaur
 51240 | Vaults:1 | XOM: harmless Tmut miscast
 51241 | Vaults:1 | XOM: enchant monster (good)
 51557 | Vaults:1 | XOM: enchant monster (good)
 51560 | Vaults:1 | XOM: potion effect (invisibility)
 51646 | Vaults:1 | XOM: cast spell 'Summon Small Mammal'
 51660 | Vaults:1 | XOM: divination: detect creatures
 51662 | Vaults:1 | XOM: enchant monster (good)
 51668 | Vaults:1 | XOM: confuse monster(s)
 51811 | Vaults:1 | XOM: medium Tmut miscast
 51873 | Vaults:1 | XOM: mild Chrm miscast
 51886 | Vaults:1 | XOM: enchant monster (good)
 51891 | Vaults:1 | XOM: summons friendly iron imp
 52181 | Vaults:1 | XOM: summons friendly crimson imp
 52184 | Vaults:1 | XOM: summons 9 friendly demons
 52205 | Vaults:1 | XOM: harmless Hex miscast
 52211 | Vaults:1 | XOM: enchant monster (bad)
 52224 | Vaults:1 | XOM: cast spell 'Disjunction'
 52226 | Vaults:1 | XOM: destruction
 52238 | Vaults:1 | XOM: fake destruction
 52241 | Vaults:1 | XOM: enchant monster (good)
 52248 | Vaults:1 | XOM: polymorph yaktaur -> spiny frog
 52712 | Vaults:1 | XOM: cleaving
 53390 | Lair:6   | Found a burning altar of Makhleb.
 53392 | Lair:6   | XOM: blink monster(s)
 53402 | Lair:6   | XOM: summons 2 friendly demons
 53430 | Lair:6   | Found a gateway to Hell.
 53567 | Lair:2   | XOM: scenery: create altars
 53778 | Vaults:2 | XOM: divination: detect items
 53826 | Vaults:2 | Noticed Mara
 53828 | Vaults:2 | XOM: potion effect (brilliance)
 53834 | Vaults:2 | XOM: mild Conj miscast
 53851 | Vaults:2 | Noticed Duffy's illusion
 53868 | Vaults:2 | XOM: medium Erth miscast
 53874 | Vaults:2 | XOM: torment (101/153 hp)
 53879 | Vaults:1 | XOM: blink monster(s)
 54020 | Vaults:2 | Noticed Duffy's illusion
 54021 | Vaults:2 | XOM: cleaving
 54024 | Vaults:2 | Duffy's illusion changed into Duffy the shard shrike
 54024 | Vaults:2 | XOM: polymorph Duffy's illusion -> Duffy the shard shrike
 54113 | Vaults:2 | XOM: cleaving
 54130 | Vaults:2 | XOM: enchant monster (good)
 54147 | Vaults:2 | Killed Mara
 54147 | Vaults:2 | Reached XP level 21. HP: 115/159 MP: 27/27
 54241 | Vaults:2 | XOM: cast spell 'Summon Dragon'
 54427 | Vaults:2 | XOM: harmless Fire miscast
 54437 | Vaults:2 | Noticed Frederick
 54443 | Vaults:2 | Killed Frederick
 54516 | Vaults:2 | XOM: confuse monster(s)
 54519 | Vaults:2 | XOM: potion effect (brilliance)
 54527 | Vaults:2 | XOM: mild Chrm miscast
 54528 | Vaults:2 | XOM: summons 7 friendly demons
 54758 | Vaults:2 | XOM: summons friendly quasit
 54808 | Vaults:2 | XOM: divination: detect items
 54834 | Vaults:2 | XOM: harmless Hex miscast
 54899 | Vaults:2 | XOM: harmless Pois miscast
 54948 | Vaults:2 | XOM: blink monster(s)
 54949 | Vaults:2 | XOM: summons 4 friendly demons
 55022 | Vaults:2 | XOM: swap monsters
 55141 | Vaults:2 | XOM: polymorph green ugly thing -> slime creature
 55252 | Vaults:2 | XOM: summons 3 hostile shadow creatures
 55312 | Vaults:2 | XOM: harmless Chrm miscast
 55355 | Vaults:2 | Noticed Boris
 55380 | Vaults:2 | Killed Boris
 55384 | Vaults:2 | XOM: blink monster(s)
 55538 | Vaults:2 | Found a staircase to the Crypt.
 55550 | Vaults:2 | XOM: polymorph ettin -> tyrant leech
 55607 | Vaults:2 | XOM: confusion
 55613 | Vaults:2 | XOM: enchant monster (bad)
 55660 | Vaults:2 | XOM: chaos upgrade
 55680 | Vaults:2 | Reached skill level 15 in Axes
 55746 | Vaults:2 | XOM: potion effect (might)
 55830 | Vaults:2 | XOM: silly message
 55877 | Vaults:2 | XOM: divination: detect items
 56028 | Vaults:2 | XOM: divination: detect items
 56048 | Vaults:3 | XOM: potion effect (brilliance)
 56088 | Vaults:2 | XOM: cast spell 'Summon Ice Beast'
 56168 | Vaults:3 | Reached XP level 22. HP: 132/167 MP: 28/28
 56177 | Vaults:3 | XOM: divination: detect items
 56200 | Vaults:3 | XOM: silly message
 56276 | Vaults:3 | XOM: harmless Conj miscast
 56303 | Vaults:3 | XOM: divination: magic mapping
 56377 | Vaults:3 | XOM: potion effect (agility)
 56420 | Vaults:3 | XOM: harmless Erth miscast
 56702 | Vaults:3 | XOM: mild Tloc miscast
 56723 | Vaults:3 | XOM: cast spell 'Cause Fear'
 56878 | Vaults:3 | XOM: harmless Ice miscast
 56930 | Vaults:3 | XOM: mild Conj miscast
 57094 | Vaults:3 | XOM: mild Tmut miscast
 57126 | Vaults:3 | XOM: enchant monster (good)
 57130 | Vaults:3 | XOM: summons friendly quasit
 57135 | Vaults:3 | XOM: summons 15 friendly demons
 57263 | Vaults:3 | XOM: harmless Tmut miscast
 57266 | Vaults:3 | XOM: summons 10 friendly demons
 57362 | Vaults:3 | XOM: summons 3 hostile demons
 57694 | Vaults:4 | XOM: silly message
 57695 | Vaults:4 | XOM: blink monster(s)
 57709 | Vaults:4 | XOM: enchant monster (bad)
 57748 | Vaults:4 | XOM: harmless Necr miscast
 57750 | Vaults:4 | XOM: summons 3 hostile demons
 57907 | Vaults:4 | Found a stormy altar of Qazlal.
 57914 | Vaults:4 | XOM: medium Tmut miscast
 57932 | Vaults:4 | XOM: confusion
 57988 | Vaults:3 | XOM: torment (111/169 hp)
 58126 | Vaults:3 | XOM: give mutations
 58126 | Vaults:3 | Lost mutation: You have razor-sharp toenails. [Xom's mischief]
 58126 | Vaults:3 | Lost mutation: You are covered in thick fur. (AC +2) [Xom's mischief]
 58126 | Vaults:3 | Lost mutation: You are very agile. (Dex +4) [Xom's mischief]
 58373 | Vaults:4 | XOM: give mutations
 58373 | Vaults:4 | Gained mutation: You have razor-sharp teeth. [Xom's mischief]
 58373 | Vaults:4 | Lost mutation: You are agile. (Dex +2) [Xom's mischief]
 58373 | Vaults:4 | Lost mutation: You passively map the area around you. [Xom's mischief]
 58373 | Vaults:4 | Lost mutation: You are covered in fur. (AC +1) [Xom's mischief]
 58389 | Vaults:4 | XOM: medium Pois miscast
 58468 | Vaults:4 | XOM: polymorph vault warden -> iron troll
 58726 | Vaults:4 | XOM: enchant monster (good)
 58779 | Vaults:4 | XOM: harmless Fire miscast
 58785 | Vaults:4 | Reached XP level 23. HP: 175/175 MP: 29/29
 58811 | Vaults:4 | XOM: harmless Tloc miscast
 58935 | Vaults:4 | XOM: polymorph yaktaur -> harpy
 58940 | Vaults:4 | XOM: harmless Necr miscast
 59472 | Vaults:4 | XOM: noise
 59563 | Vaults:4 | XOM: scenery: 1 doors close
 59719 | Vaults:3 | XOM is BORED!
 59719 | Vaults:3 | XOM: give mutations
 59719 | Vaults:3 | Lost mutation: Your system is resistant to poisons. (rPois) [Xom's mischief]
 59719 | Vaults:3 | Lost mutation: You passively map a small area around you. [Xom's mischief]
 59802 | Vaults:1 | XOM: give mutation
 59802 | Vaults:1 | Gained mutation: You are somewhat resistant to further mutation. [Xom's grace]
 59940 | Lair:2   | XOM: god gift: wand of acid (?/15) {god gift}
 60365 | Depths:1 | Entered Level 1 of the Depths
 60391 | Depths:1 | XOM: god gift: 8 royal jellies
 60412 | Depths:1 | XOM: mild Pois miscast
 60505 | Depths:1 | XOM: destruction
 60510 | Depths:1 | Reached skill level 15 in Shields
 60626 | Depths:1 | Found Uterchukk's General Store.
 60694 | Depths:1 | XOM: cast spell 'Summon Horrible Things'
 60774 | Depths:1 | Bought a potion of curing for 57 gold pieces
 60919 | Depths:1 | XOM: harmless Erth miscast
 61115 | Depths:1 | XOM: mild Summ miscast
 61191 | Depths:1 | XOM: harmless Hex miscast
 61528 | Depths:1 | XOM: cloud trail
 61588 | Depths:1 | XOM: god gift: 21 stones
 61841 | Depths:2 | Gained mutation: You are partially covered in icy blue scales. (AC +2) [mutagenic meat]
 61842 | Depths:2 | Lost mutation: You have a pair of antennae on your head. [mutagenic meat]
 61876 | Depths:2 | XOM: swap monsters
 61949 | Depths:2 | XOM: medium Tmut miscast
 62155 | Depths:2 | Noticed Nikola
 62167 | Depths:2 | Paralysed by a lich for 7 turns
 62180 | Depths:2 | XOM: summons 11 hostile demons
 62302 | Depths:1 | XOM: give mutations
 62302 | Depths:1 | Gained mutation: Your body sometimes deteriorates upon taking damage. [Xom's mischief]
 62302 | Depths:1 | Gained mutation: Your system is resistant to poisons. (rPois) [Xom's mischief]
 62302 | Depths:1 | Lost mutation: You are partially covered in large bone plates. (SH +4) [Xom's mischief]
 62347 | Depths:2 | XOM: divination: detect items
 62353 | Depths:2 | XOM: confusion
 62365 | Depths:2 | Killed Nikola
 62662 | Depths:1 | XOM: enchant monster (good)
 62698 | Depths:1 | XOM: give mutations
 62698 | Depths:1 | Gained mutation: You are resistant to hostile enchantments. (MR+) [Xom's grace]
 62698 | Depths:1 | Gained mutation: You are partially covered in rugged brown scales. (AC +1, +3% HP) [Xom's grace]
 62698 | Depths:1 | Gained mutation: You are highly resistant to hostile enchantments. (MR++) [Xom's grace]
 62717 | Depths:2 | Found a hide-covered altar of Uskayaw.
 62717 | Depths:2 | XOM: confusion (+ monsters)
 62756 | Depths:2 | XOM: confusion (+ monsters)
 62758 | Depths:1 | XOM: summons friendly crimson imp
 62817 | Depths:2 | XOM: summons 5 friendly demons
 62825 | Depths:1 | XOM: scenery: create altars
 63119 | Depths:1 | XOM: cleaving
 63147 | Depths:2 | XOM: divination: detect creatures
 63155 | Depths:2 | XOM: summons 5 friendly demons
 63169 | Depths:2 | XOM: cast spell 'Summon Ice Beast'
 63174 | Depths:2 | XOM: summons 10 friendly demons
 63436 | Depths:3 | XOM: mild Pois miscast
 63441 | Depths:3 | XOM: cast spell 'Disjunction'
 63443 | Depths:3 | XOM: confuse monster(s)
 63455 | Depths:3 | Found a one-way gate leading to the halls of Pandemonium.
 63468 | Depths:3 | XOM: summons friendly red devil
 63469 | Depths:3 | XOM: swap monsters
 63481 | Depths:3 | XOM: give mutations
 63481 | Depths:3 | Gained mutation: You are frail. (-10% HP) [Xom's mischief]
 63481 | Depths:3 | Lost mutation: Your body sometimes deteriorates upon taking damage. [Xom's mischief]
 63486 | Depths:3 | Reached XP level 24. HP: 126/170 MP: 29/29
 63489 | Depths:3 | XOM: enchant monster (bad)
 63500 | Depths:3 | XOM: cast spell 'Discord'
 63509 | Depths:2 | XOM: give mutations
 63509 | Depths:2 | Lost mutation: You have sharp toenails. [Xom's mischief]
 63509 | Depths:2 | Lost mutation: You are frail. (-10% HP) [Xom's mischief]
 63509 | Depths:2 | Gained mutation: Scrolls take you a little longer to read. [Xom's mischief]
 63509 | Depths:2 | Lost mutation: You are highly resistant to hostile enchantments. (MR++) [Xom's mischief]
 63679 | Depths:2 | XOM: scenery: 2 doors close
 63855 | Depths:3 | XOM: mild Conj miscast
 63858 | Depths:3 | XOM: mild Chrm miscast
 63860 | Depths:3 | XOM: harmless Tmut miscast
 63896 | Depths:3 | XOM: confuse monster(s)
 63993 | Depths:3 | Reached skill level 15 in Armour
 64024 | Depths:3 | XOM: mild Hex miscast
 64078 | Depths:3 | XOM: summons 7 friendly demons
 64096 | Depths:3 | XOM: cast spell 'Alistair's Intoxication'
 64103 | Depths:3 | Gained mutation: Your flesh is heat resistant. (rF+) [mutagenic meat]
 64274 | Depths:3 | Paralysed by a floating eye for 3 turns
 64279 | Depths:3 | XOM: summons friendly shadow imp
 64321 | Depths:3 | XOM: summons friendly ufetubus
 64322 | Depths:3 | XOM: enchant monster (good)
 64325 | Depths:3 | HP: 6/189 [deep troll earth mage[a boggart] (5)]
 64327 | Depths:3 | HP: 2/189 [poisoned by a green very ugly thing]
 64327 | Depths:3 | Slain by a deep troll earth mage

Vault maps used:
D:1:      erik_arrival_blinker_ship, minmay_gold_behind_fungi
D:2:      gammafunk_temple_overflow_claw, first_bread
D:3:      grunt_temple_overflow_magic_moments, overflow_temple_1_default,
          trog_book, uniq_jessica
D:4:      lemuel_temple_firewalk_b, serial_shops, nicolae_shop_crystal,
          dk_rats_in_the_wall
D:5:      kennysheep_kobold_camp, marbit_many_paths, nicolae_ru_path_of_blood,
          cheibriados_altar_1
D:6:      cheibrodos_barr_body, zin_purify, kennysheep_little_box
D:7:      elyvilon_altar_1, enter_ossuary_1, kennysheep_nondescript
D:8:      serial_shops, shop, nemelex_xobeh_ov_fountains_minmay, uniq_gastronok,
          uniq_pikel, uniq_grum
D:9:      nicolae_overflow_hidden_temple
D:11:     david_lair_generic, hiddenorc1_lemuel
D:12:     enter_bailey_2, grunt_ogre_cave, hangedman_decor_lopped
D:13:     lightli_vaults_fourway_checkpoint, spider_trap
D:14:     serial_shops, nicolae_shop_stone, special_room, dk_noncrumbling_4,
          serial_bayou_pond_d, grunt_ministairs_15
D:15:     grunt_enter_depths_magical_seal
Lair:1:   lab_entry_generic, serial_bayou_pond_e, uniq_sonja
Lair:2:   spider_nest_entry_webs
Lair:3:   swamp_mist, basic_altar, uniq_fannar
Lair:4:   dragon1_lemuel
Lair:5:   slime_altar_2, st_stairs_5, serial_bayou_shore_a, serial_bayou_shore_b
Lair:6:   evil_forest, minivault_19, hangedman_lair_generics_rect,
          lemuel_fruit_tree, lemuel_fruit_fields
Swamp:1:  hangedman_swamp_ruin_wall, swamp_pool1, roderic_carrion_pond,
          uniq_roxanne
Swamp:2:  hangedman_swamp_pad
Swamp:3:  infiniplex_staircase_pool
Swamp:4:  swamp_icy
Spider:1: nicolae_spider_ant_collections
Spider:4: spider_rune_water, nicolae_spider_shape
Orc:2:    st_orc_elflike, mines2_david
Elf:1:    eino_elf_arrival_customs, minmay_elf_sorcery, minmay_curled_crystal,
          uniq_aizul
Elf:2:    corexii_checkpoint_a, uniq_louise
Elf:3:    elf_hall, nicolae_trove_entry_columns, columned_hall_lemuel
Vaults:1: nicolae_vaults_what_the_h, nicolae_vaults_network_periphery,
          hangedman_vaults_snaps, v_rooms_2, v_misc_4,
          nicolae_vaults_three_branches, nicolae_vaults_little_squares_6,
          ontoclasm_vaults_gateway
Vaults:2: vaults_room_hangedman_quadrants, nicolae_vaults_network_quincunx,
          vaults_mumra_minichess, nicolae_vaults_little_squares_2, v_misc_23,
          v_misc_9, v_misc_27, ontoclasm_vaults_ligature,
          nicolae_vaults_network_star, v_pattern_5, dummy_crypt_entry,
          uniq_boris, uniq_frederick, uniq_mara
Vaults:3: vaults_dpeg_spiral, nicolae_vaults_stairing_the_circle,
          nicolae_vaults_big_ls, ontoclasm_vaults_decontamination,
          grunt_vaults_funnel, nicolae_vaults_little_squares_3,
          hangedman_vaults_trim
Vaults:4: nicolae_vaults_fighting_squares, v_misc_32, hangedman_vaults_nails,
          hangedman_vaults_unwind, grunt_vaults_bifocal, v_misc_2, v_rooms_5,
          ontoclasm_vaults_tryst, v_pattern_2, vaults_room_ringed_pool,
          vaults_room_large_hall, vaults_room_pool, v_misc_22, stair_cage_open,
          basic_altar
Depths:1: nicolae_sextant, serial_shops, nicolae_shop_waterfront, hell_entry,
          grunt_ministairs_10, wad_scary_box
Depths:2: regret_index_uskayaw_diablada_macabre, hangedman_geh_valley,
          serial_bayou_pond_c, kennysheep_generic_room_13, uniq_nikola
Depths:3: grunt_twist_and_shout, hellmouth_1, hangedman_abyss_or_decor_stagger,
          pan_entry, minmay_misc_feat_rows
Abyss:5:  evilmike_abyss_exit_smiterflies, eino_small_chamber_without_monster,
          hangedman_abyss_or_decor_slice, minivault_22,
          hangedman_abyss_rune_macabre_mess, bh_abyss_xom_lugonu_altar
Lab:      labyrinth_watery, labyrinth_glass_1, nicolae_lab_arrow,
          labyrinth_skeletal_remains, nicolae_lab_diamond, nicolae_lab_blocks
Ossuary:  ossuary_minmay_scorpions
Bailey:   bailey_polearm_gnolls_kennysheep, bailey

Skill      XL: |  1  2  3  4  5  6  7  8  9 10 11 12 13 14 15 16 17 18 19 20 21 22 23 24 |
---------------+-------------------------------------------------------------------------+-----
Axes           | 5 6 7 8 9 10 11 12 13 14 15 | 15.8
Dodging        | 2 7 10 | 10.0
Fighting       | 5 6 7 8 9 10 11 12 13 | 13.7
Armour         | 4 5 7 8 9 10 11 12 13 14 15 | 15.0
Shields        | 6 8 9 10 11 12 13 14 15 | 15.3
Evocations     | 6 9 |  9.0

Action                   |  1- 3 |  4- 6 |  7- 9 | 10-12 | 13-15 | 16-18 | 19-21 | 22-24 || total
-------------------------+-------+-------+-------+-------+-------+-------+-------+-------++-------
Melee: Hand axe          |    96 |   150 |   325 |   820 |  1790 |   155 |       |       ||  3336
       Bite              |    12 |    15 |    30 |    97 |   256 |   325 |   328 |   249 ||  1312
       War axe           |       |       |    26 |    25 |    62 |  1436 |   703 |  1413 ||  3665
       Kick              |       |       |       |       |   506 |   219 |    51 |    10 ||   786
       Broad axe         |       |       |       |       |       |   272 |   967 |       ||  1239
 Fire: Blowgun           |       |       |       |    12 |       |       |       |       ||    12
Throw: Throwing net      |       |       |       |       |       |       |     1 |       ||     1
Evoke: Wand              |       |       |       |     3 |     7 |    14 |     8 |     3 ||    35
  Use: Scroll            |       |     6 |     4 |    13 |    14 |    21 |    12 |     5 ||    75
       Potion            |       |       |     1 |     1 |     3 |     3 |    14 |     7 ||    29
 Stab: Paralysed         |     2 |       |       |       |       |    13 |     1 |     1 ||    17
       Sleeping          |     1 |       |       |       |       |     1 |       |       ||     2
       Confused          |       |     1 |       |     2 |     3 |     2 |     4 |     1 ||    13
       Petrified         |       |       |       |       |     5 |       |     1 |       ||     6
       Petrifying        |       |       |       |       |     1 |       |     1 |       ||     2
       Distracted        |       |       |       |       |     4 |     6 |     2 |     1 ||    13
       Invisible         |       |       |       |       |       |     1 |     6 |       ||     7
  Eat: Chunk             |     1 |     9 |    10 |    13 |    30 |    12 |    23 |    22 ||   120
       Bread ration      |       |       |     1 |     3 |     1 |     7 |       |     2 ||    14
       Meat ration       |       |       |       |       |     2 |       |       |       ||     2
       Royal jelly       |       |       |       |       |       |     4 |     9 |     7 ||    20
Armor: Leather armour    |    22 |    15 |       |       |       |       |       |       ||    37
       Chain mail        |       |    64 |    43 |   127 |   211 |       |       |       ||   445
       Plate armour      |       |       |   139 |    72 |       |   114 |   419 |   416 ||  1160
       Skin              |       |       |       |     3 |       |       |       |       ||     3
       Crystal plate arm |       |       |       |       |   191 |   780 |       |       ||   971
Dodge: Dodged            |    49 |    46 |    60 |    49 |   206 |   184 |   295 |   250 ||  1139
Block: Large shield      |       |       |    50 |   748 |  1746 |  2224 |  1998 |  1692 ||  8458
